Map: Ulrena

Players

zidar - Winner!

  • Race: Zerg Zerg
  • League: Silver
  • Spawn Location: 7:00

abudun

  • Race: Zerg Zerg
  • League: Silver
  • Spawn Location: 11:00

VOD

Have the link to the VOD?

Description

Time

  • Played on: Feb. 5, 2016, 7:45 a.m.
  • Length: 13:24
Show
View Real Time Build Order
Export as new Build Order

zidar Zerg - Winner!

Build Orders: Pool First 

Get SALT Encoding   

  12  0:01  Drone  
  13  0:12  Overlord  
  13  0:17  Drone  
  14  0:31  Drone x2  
  14  0:34  Drone  
  17  0:51  Drone  
  17  0:52  Spawning Pool  
  17  0:59  Extractor  
  16  1:16  Hatchery  
  14  1:40  Queen  
  14  1:42  Spine Crawler, Zergling x2  
  14  1:43  Zergling x4  
  18  2:08  Zergling x2  
  18  2:09  Zergling x2  
  20  2:33  Zergling x6  
  23  2:57  Metabolic Boost  
  23  3:09  Zergling x6  
  23  3:10  Zergling x4  
  28  3:27  Overlord x2  
  28  3:28  Overlord  
  25  3:55  Zergling x14  
  29  4:11  Zergling x2  
  29  4:12  Zergling x4  
  32  4:26  Roach Warren  
  18  5:13  Roach x4  
  18  5:14  Roach  
  28  5:16  Roach  
  30  5:23  Roach  
  32  5:33  Roach  
  34  5:50  Drone x3  
  34  5:54  Ravager  
  34  5:55  Ravager  
  39  5:59  Ravager  
  39  6:01  Ravager  
  41  6:14  Drone x2  
  43  6:45  Roach x4  
  51  6:50  Drone  
  51  6:54  Overlord  
  52  7:12  Queen  
  54  7:17  Drone x3  
  50  7:54  Roach x5  
  60  8:10  Overlord  
  60  8:11  Overlord x2  
  60  8:33  Ravager  
  61  8:52  Lair  
  61  8:55  Hatchery  
  61  9:02  Extractor  
  59  9:07  Extractor  
  59  9:08  Extractor  
  54  9:47  Drone x9  
  63  10:20  Drone x8  
  63  10:21  Drone x9  
  80  10:34  Spire  
  79  10:43  Overlord x2  
  79  10:50  Drone x3  
  79  10:55  Overlord x2  
  82  11:07  Extractor  
  81  11:12  Extractor  
  81  11:16  Overlord  
  80  11:40  Overlord  
  80  11:47  Mutalisk  
  80  11:48  Mutalisk x10  
  80  11:51  Mutalisk  
  104  12:37  Zergling x8  
  104  12:38  Zergling x20  
Show
View Real Time Build Order
Export as new Build Order

abudun Zerg 

Build Orders: Pool First, Zergling Baneling 

Get SALT Encoding   

  12  0:09  Drone  
  13  0:18  Extractor  
  12  0:26  Spawning Pool  
  11  0:30  Drone  
  11  0:34  Drone  
  13  0:46  Overlord  
  13  0:55  Drone  
  14  1:14  Zergling x4  
  16  1:22  Metabolic Boost  
  16  1:27  Queen  
  18  1:42  Drone  
  19  1:50  Zergling x2  
  19  1:51  Zergling x2  
  21  2:13  Zergling x2  
  22  2:15  Overlord  
  22  2:30  Hatchery  
  21  2:51  Zergling x10  
  22  3:05  Zergling x2  
  23  3:07  Spine Crawler  
  22  3:20  Baneling Nest  
  21  3:27  Queen  
  16  3:53  Zergling x12  
  22  4:04  Zergling x6  
  25  4:12  Baneling x3  
  25  4:13  Baneling  
  25  4:14  Baneling  
  25  4:19  Baneling  
  24  4:39  Drone  
  24  4:40  Drone x2  
  27  4:51  Baneling x2  
  27  5:06  Drone x3  
  30  5:09  Overlord  
  30  5:29  Roach Warren  
  30  5:30  Drone x2  
  31  5:53  Overlord  
  31  5:54  Overlord  
  31  6:04  Hatchery  
  30  6:13  Roach  
  33  6:31  Roach x7  
  47  6:47  Overlord  
  47  6:58  Overlord x3  
  47  7:21  Extractor  
  46  7:24  Hatchery  
  46  7:25  Drone x2  
  43  7:47  Roach  
  43  7:48  Roach x2  
  45  8:06  Roach x3  
  51  8:27  Ravager  
  51  8:30  Ravager  
  51  8:32  Ravager  
  54  8:51  Roach x3  
  60  9:15  Drone x3  
  60  9:16  Drone x6  
  68  9:38  Drone x4  
  69  9:39  Drone  
  73  9:47  Overlord  
  73  9:48  Zergling x2  
  74  9:56  Lair  
  74  10:15  Hatchery, Drone  
  74  10:16  Drone x2  
  74  10:17  Baneling x2  
  76  10:33  Drone x4  
  76  10:34  Drone x4  
  84  10:45  Evolution Chamber  
  84  10:47  Evolution Chamber  
  82  11:01  Extractor  
  81  11:07  Spine Crawler  
  81  11:09  Overlord x6  
  80  11:13  Extractor  
  80  11:17  Glial Reconstitution  
  79  11:19  Zerg Missile Weapons Level 1  
  79  11:21  Zerg Ground Armor Level 1  
  79  11:23  Overlord x3  
  79  11:24  Overlord x2  
  79  11:30  Overlord  
  79  11:39  Roach x4  
  87  11:52  Queen  
  89  12:03  Roach  
  89  12:04  Roach x4, Spine Crawler  
  98  12:17  Spore Crawler  
  98  12:21  Spore Crawler  
  96  12:23  Spore Crawler  
  96  12:28  Spore Crawler  
  94  12:45  Roach x6  
  105  12:58  Roach  
  82  13:11  Spore Crawler  
Tags
 
Matchup
ZvZ
Race
Zerg
Spawn Locations
Close Positions
Add a new tag
Caveats
  • Supply blocks, unpowered buildings, or Contaminate may cause inaccurate times.
  • Supply counts are checked every 10 seconds.